 Dungeon Crawl Stone Soup version 0.29.1 (webtiles) character file.

Game seed: 17939863548179888872

5107 mtoz the Protected (level 10, -7/91 HPs)
             Began as a Minotaur Fighter on Sept 14, 2022.
             Was a Believer of Okawaru.
             Mangled by a komodo dragon (23 damage)
             ... on level 1 of the Lair of Beasts.
             The game lasted 00:37:31 (10654 turns).

mtoz the Protected (Minotaur Fighter)              Turns: 10654, Time: 00:37:32

Health: -7/91      AC: 21    Str: 26    XL:     10   Next: 32%
Magic:  9/11       EV: 11    Int:  5    God:    Okawaru [**....]
Gold:   748        SH:  7    Dex:  9    Spells: 9/9 levels left

rFire   + . .      SeeInvis .   a - +0 war axe
rCold   . . .      Faith    .   c - +0 buckler
rNeg    . . .      Spirit   .   V - +2 chain mail {rF+}
rPois   .          Reflect  .   (helmet restricted)
rElec   .          Harm     .   J - +1 cloak
rCorr   .          Rampage  .   (no gloves)
Will    .....                   E - +2 pair of boots
Stlth   ..........              k - amulet of the acrobat
HPRegen 0.25/turn               y - ring of flight
MPRegen 0.12/turn               (no ring)

@: heroic, flying
A: horns 2, retaliatory headbutt
a: Renounce Religion, Heroism


You were on level 1 of the Lair of Beasts.
You worshipped Okawaru.
Okawaru was pleased with you.
You visited 3 branches of the dungeon, and saw 10 of its levels.
You also visited: Sewer and Ossuary.

You collected 748 gold pieces.

Inventory:

Hand Weapons
 a - a +0 war axe (weapon)
 b - a +0 flail
 e - a +2 mace of protection
 h - a +0 hand axe
 m - a +0 trident
 p - a +0 flail of venom
 B - a +0 halberd
 L - a +1 mace
 M - a +1 flail of protection
Missiles
 A - 2 throwing nets (quivered)
 N - 2 javelins
 O - 81 stones
 P - 5 poisoned darts
 Q - 4 datura-tipped darts
 T - 2 curare-tipped darts
 U - 5 atropa-tipped darts
Armour
 c - a +0 buckler (worn)
 l - a +0 plate armour
 C - a +0 tower shield
 E - a +2 pair of boots (worn)
 J - a +1 cloak (worn)
 V - a +2 chain mail of fire resistance (worn)
Jewellery
 k - an amulet of the acrobat (around neck)
 y - a ring of flight (left hand)
Wands
 d - a wand of iceblast (3)
 z - a wand of charming (1)
 F - a wand of light (5)
 H - a wand of mindburst (19)
 R - a wand of flame (16)
Scrolls
 j - 2 scrolls of vulnerability
 o - 8 scrolls of teleportation {unknown}
 q - a scroll of magic mapping
 r - a scroll of fear {unknown}
 x - 2 scrolls of enchant weapon {unknown}
 D - a scroll of amnesia {unknown}
 G - a scroll of summoning {unknown}
 I - a scroll of torment {unknown}
 K - a scroll of immolation {unknown}
Potions
 f - a potion of curing
 g - a potion of cancellation
 i - 2 potions of brilliance
 n - 2 potions of heal wounds
 s - 3 potions of haste {unknown}
 t - 2 potions of degeneration {unknown}
 u - a potion of berserk rage {unknown}
 v - 2 potions of flight {unknown}
 w - a potion of magic {unknown}
 S - a potion of attraction {unknown}


   Skills:
 * Level 9.1(14.1) Fighting
 * Level 8.7(13.7) Axes
 * Level 2.2(7.2) Throwing
 * Level 9.2(14.2) Armour
 + Level 4.2(9.2) Dodging
 * Level 9.2(14.2) Shields
 * Level 2.7 Invocations
 * Level 2.2 Evocations


You had 9 spell levels left.
You didn't know any spells.
Your spell library contained the following spells:

 Spells                   Type           Power      Damage    Failure   Level
 Shock                    Conj/Air       0%         1d3       94%         1
 Slow                     Hex            0%         N/A       94%         1
 Sublimation of Blood     Necr           0%         N/A       98%         2
 Wereblood                Tmut           0%         N/A       98%         2
 Confusing Touch          Hex            0%         N/A       100%        3
 Dazzling Flash           Conj/Hex       0%         N/A       100%        3
 Vampiric Draining        Necr           0%         2d6       100%        3
 Fulminant Prism          Conj/Hex       0%         3d6       100%        4
 Iskenderun's Mystic Bla  Conj/Tloc      0%         2d3       100%        4
 Alistair's Intoxication  Tmut/Pois      0%         N/A       100%        5
 Borgnjor's Vile Clutch   Necr/Erth      0%         N/A       100%        5
 Lee's Rapid Deconstruct  Erth           0%         3d5*      100%        5
 Eringya's Noxious Bog    Tmut/Pois      0%         N/A       100%        6
 Starburst                Conj/Fire      0%         6d3       100%        6
 Summon Small Mammal      Summ           Unusable   N/A       N/A         1
 Call Canine Familiar     Summ           Unusable   N/A       N/A         3
 Summon Guardian Golem    Hex/Summ       Unusable   N/A       N/A         3
 Summon Hydra             Summ           Unusable   N/A       N/A         7

Dungeon Overview and Level Annotations

Branches:
Dungeon (8/15)             Temple (1/1) D:4            Lair (1/5) D:8
  Sewer (visited)         Ossuary (visited)

Altars:
Ashenzari
Cheibriados
Dithmenos
Elyvilon
Fedhas
Hepliaklqana
Kikubaaqudgha
Makhleb
Nemelex Xobeh
Okawaru
Qazlal
Ru
Sif Muna
Trog
Uskayaw
Vehumet
Wu Jian
Xom
Yredelemnul
Zin
The Shining One

Annotations:
D:6 2 runed translucent doors, Isauros's ghost, novice MiHu


Innate Abilities, Weirdness & Mutations

You have a pair of horns on your head.
You reflexively headbutt those who attack you in melee.


Message History

The komodo dragon bites you!
The komodo dragon bites you but does no damage.
You are too injured to fight recklessly!
You are too injured to fight recklessly!
You are too injured to fight recklessly!
You are too injured to fight recklessly!
You closely miss the komodo dragon.
The komodo dragon is heavily wounded.
The komodo dragon bites you!
You barely miss the komodo dragon. Your headbutt misses the komodo dragon.
The komodo dragon is heavily wounded.
The komodo dragon barely misses you.
You hit the komodo dragon but do no damage.
The komodo dragon is heavily wounded.
The komodo dragon barely misses you.
You closely miss the komodo dragon.
The komodo dragon is heavily wounded.
The komodo dragon bites you but does no damage.
You hit the komodo dragon.
The komodo dragon is heavily wounded.
The komodo dragon bites you!
You barely miss the komodo dragon. Your headbutt misses the komodo dragon.
The komodo dragon is heavily wounded.
The komodo dragon bites you!!
* * * LOW HITPOINT WARNING * * *
You closely miss the komodo dragon. Your headbutt misses the komodo dragon.
The komodo dragon is heavily wounded.
The komodo dragon closely misses you.
You gain the combat prowess of a mighty hero.
You block the komodo dragon's attack.
You hit the komodo dragon. You headbutt the komodo dragon!
The komodo dragon is almost dead.
The komodo dragon bites you but does no damage.
You barely miss the komodo dragon.
The komodo dragon is almost dead.
The komodo dragon barely misses you.
You barely miss the komodo dragon.
The komodo dragon is almost dead.
The komodo dragon bites you!!
You die...

#P.........#
##..#
#..........#
####.###
#..........#
#.#.##
#.#.###...##
#.#.# #####
##..# #..###
#..## ##...#
###...# ##..##
###.#...# #.#..
#..l@...# #.~.~
#..........#
#..≈≈
##.........#
#.~~≈
#..........#
##.~≈≈
##......#..#
##...~~
#....###...#
###...<.≈ P.##.
#...###.......~
### ##
#...#......~~~
###........#..~


You could see a komodo dragon.

Vanquished Creatures
  A wraith (D:6)
  6 yaks (Lair:1)
  2 wyverns (D:8)
  A basilisk (Lair:1)
  2 water moccasins
  Duvessa (D:7)
  2 orc warriors (D:8)
  An ice beast (D:6)
  2 ogres
  5 centaurs
  3 phantoms
  A water moccasin zombie (D:5)
  2 bullfrogs (D:7)
  2 scorpions (D:5)
  6 wights
  Dowan (D:7)
  7 killer bees
  7 electric eels
  A howler monkey (D:8)
  2 centaur zombies (D:5)
  4 jellies
  2 hounds (D:6)
  A centaur skeleton (D:5)
  4 orc priests
  2 gnoll boudas
  2 scorpion zombies (D:5)
  An iguana (D:6)
  4 orc wizards
  A killer bee zombie (D:5)
  2 hound zombies (D:5)
  A hound skeleton (D:5)
  2 mummies (Ossuary)
  7 gnolls
  9 adders
  6 river rats (Sewer)
  2 ufetubi (D:5)
  3 dart slugs
  20 orcs
  6 bats
  9 endoplasms
  8 giant cockroaches
  4 gnoll zombies (Ossuary)
  8 goblins
  6 hobgoblins
  10 jackals
  3 quokkas
  10 ball pythons
  3 frilled lizards
  4 goblin zombies (Ossuary)
  3 hobgoblin zombies (Ossuary)
  7 kobolds
  3 orc zombies (Ossuary)
  18 rats
230 creatures vanquished.

Vanquished Creatures (others)
  6 plants (D:6)
  A withered plant (D:5)
7 creatures vanquished.

Grand Total: 237 creatures vanquished

Notes
Turn   | Place    | Note
-------+----------+-------------------------------------------
     0 | D:1      | mtoz the Minotaur Fighter began the quest for the Orb.
     0 | D:1      | Reached XP level 1. HP: 19/19 MP: 0/0
   131 | D:1      | Reached XP level 2. HP: 27/27 MP: 1/1
   280 | D:1      | Found a faded altar of an unknown god.
   425 | D:1      | Reached XP level 3. HP: 33/33 MP: 2/2
  1203 | D:3      | Found a radiant altar of Vehumet.
  1416 | D:3      | Reached XP level 4. HP: 36/41 MP: 3/3
  1589 | D:3      | Reached XP level 5. HP: 5/47 MP: 4/4
  2200 | D:4      | Found a sand-covered staircase.
  2210 | Ossuary  | Entered an ossuary
  2419 | D:4      | Found a glowing drain.
  2435 | Sewer    | Entered a sewer
  2459 | Sewer    | Reached skill level 5 in Armour
  2463 | Sewer    | Reached skill level 5 in Fighting
  2645 | Sewer    | Reached skill level 5 in Shields
  2692 | Sewer    | Reached XP level 6. HP: 48/56 MP: 5/5
  3450 | D:4      | Found an ornate altar of the Wu Jian Council.
  3540 | D:4      | Found a hazy altar of Hepliaklqana.
  3540 | D:4      | Found a blossoming altar of Fedhas.
  3540 | D:4      | Found a glowing golden altar of the Shining One.
  3600 | D:4      | Found a shimmering altar of Xom.
  3600 | D:4      | Found a shimmering altar of Xom.
  3611 | D:4      | Found a shimmering altar of Xom.
  3612 | D:4      | Found a shimmering altar of Xom.
  3679 | D:4      | Found a staircase to the Ecumenical Temple.
  3987 | Temple   | Entered the Ecumenical Temple
  4167 | D:5      | Entered Level 5 of the Dungeon
  4231 | D:5      | Found a snail-covered altar of Cheibriados.
  4328 | D:4      | Reached skill level 5 in Axes
  4328 | D:4      | Reached XP level 7. HP: 25/62 MP: 6/6
  4927 | D:5      | Reached skill level 1 in Dodging
  5049 | D:5      | Reached XP level 8. HP: 71/71 MP: 7/7
  5432 | D:6      | Found an iron altar of Okawaru.
  5532 | D:6      | Found a shimmering blue altar of Sif Muna.
  5593 | D:6      | Got Sif Muna's Omnibus of the Tempest
  5804 | D:6      | Found a runed translucent door.
  5814 | D:6      | Noticed Isauros's ghost (novice MiHu)
  5891 | D:6      | Found a runed translucent door.
  6555 | D:6      | Reached XP level 9. HP: 27/80 MP: 8/8
  7183 | D:6      | Became a worshipper of Warmaster Okawaru
  7610 | D:7      | Reached * piety under Okawaru
  7681 | D:7      | Noticed Dowan
  7684 | D:7      | Killed Dowan
  7687 | D:7      | Noticed Duvessa
  7704 | D:7      | Killed Duvessa
  9083 | D:8      | Found a staircase to the Lair.
  9091 | D:8      | Reached skill level 1 in Invocations
  9097 | D:7      | Reached skill level 1 in Evocations
  9253 | D:8      | Reached skill level 1 in Throwing
  9490 | D:8      | Reached ** piety under Okawaru
  9783 | D:8      | Found a shadowy altar of Dithmenos.
  9832 | D:8      | Reached XP level 10. HP: 39/90 MP: 10/10
 10035 | D:8      | Found a burning altar of Makhleb.
 10105 | D:8      | Found a sparkling altar of Nemelex Xobeh.
 10223 | Lair:1   | Entered Level 1 of the Lair of Beasts
 10654 | Lair:1   | Mangled by a komodo dragon

Illustrated notes

Levels and vault maps discovered:
D:1:      dpeg_arrival_court, layout_rooms,
          chequers_ecumenical_altar_simple_redux, minmay_misc_feat_plants
D:2:      layout_rooms
D:3:      layout_rooms, nicolae_vehumet_radiance, hangedman_feature_mirror
D:4:      layout_loops_ring, general_overflow_altar, xom_redecorated,
          gammafunk_temple_overflow_claw, minmay_temple_entry_antechambers,
          chequers_ossuary_entry_cave, portal_sewer_entry_f
D:5:      layout_gridville, cheibriados_altar_1, serial_undead, serial_undead_d,
          serial_undead_b, serial_undead_c, serial_undead_e, serial_undead_f,
          serial_undead_b, serial_undead_c, serial_undead_f, serial_undead_f,
          serial_undead_b, minmay_misc_feat_rugged, minmay_misc_feat_ornament
D:6:      cheibrodos_two_vegetables, layout_rooms, led_sif_book,
          kennysheep_mini_moat, ebering_ghost_sewer_f
D:7:      layout_loops_ring, uniq_duvessa
D:8:      layout_cave_pools, lemuel_coloured_pillars_altar,
          mainiacjoe_overflow_cross_hatched, lemuel_round_altar
Temple:   nicolae_temple_bog_church
Lair:1:   layout_hall_layers, infiniplex_staircase_pool

Skill      XL: |  1  2  3  4  5  6  7  8  9 10 |
---------------+-------------------------------+-----
Shields        | 4 5 6 7 8 9 |  9.2
Fighting       | 4 5 6 7 8 9 |  9.1
Armour         | 4 5 6 7 8 9 |  9.2
Axes           | 3 4 5 7 8 |  8.7
Dodging        | 1 2 4 |  4.2
Invocations    | 2 |  2.7
Evocations     | 1 2 |  2.2
Throwing       | 1 2 |  2.2

Action                   |  1- 3 |  4- 6 |  7- 9 | 10-12 || total
-------------------------+-------+-------+-------+-------++-------
Melee: War axe           |    56 |    14 |   264 |    50 ||   384
       Headbutt          |     7 |    35 |    38 |    10 ||    90
       Hand axe          |    54 |   211 |       |       ||   265
Invok: Heroism           |       |       |     1 |     2 ||     3
Evoke: Wand              |       |       |     9 |     3 ||    12
  Use: Scroll            |       |     5 |     3 |     1 ||     9
       Potion            |       |     1 |     4 |       ||     5
 Stab: Invisible         |       |       |     1 |       ||     1
Armor: Scale mail        |    29 |       |       |       ||    29
       Plate armour      |    36 |   132 |   172 |       ||   340
       Chain mail        |       |       |       |    10 ||    10
Dodge: Dodged            |    53 |   103 |   166 |    17 ||   339
Block: Buckler           |    30 |    49 |    77 |     4 ||   160
